 Dungeon Crawl Stone Soup version 0.24.0-35-gdb84b6a5db (webtiles) character file.

Game seed: 2039030549743010650, levelgen mode: deterministic

302 Katsumi the Transmogrifier (level 6, -1/25 HPs)
             Began as a Felid Transmuter on Nov 19, 2019.
             Slain by a gnoll (6 damage)
             ... on level 5 of the Dungeon.
             The game lasted 00:12:36 (8701 turns).

Katsumi the Transmogrifier (Felid Transmuter)       Turns: 8701, Time: 00:12:36

Health: -1/25      AC:  2    Str:  6    XL:     6   Next: 14%
Magic:  11/11      EV: 18    Int: 16    God:
Gold:   183        SH:  0    Dex: 17    Spells: 3/11 levels left
                                        Lives:  0   Deaths: 2

rFire    . . .     SeeInvis +     - Unarmed
rCold    . . .     Gourm    .   (shield unavailable)
rNeg     . . .     Faith    .   (armour unavailable)
rPois    +         Spirit   .   (helmet unavailable)
rElec    .         Reflect  .   (cloak unavailable)
rCorr    .         Harm     .   (gloves unavailable)
MR       .....                  (boots unavailable)
Stlth    +++.......             g - amulet of rage
HPRegen  0.08/turn              n - ring of poison resistance
MPRegen  0.12/turn              (no ring)

@: quick
A: very small, no armour, no weapons or thrown items, stealth, claws 1, fangs 3,
see invisible, carnivore, speed 1, shaggy fur 2, slow metabolism 1, sharp paws
a: Evoke Berserk Rage


You were on level 5 of the Dungeon.
You were not hungry.

You visited 1 branch of the dungeon, and saw 5 of its levels.

You collected 183 gold pieces.

Inventory:

Missiles
 a - 83 arrows
Jewellery
 g - an amulet of rage (around neck)
 j - an uncursed ring of fire
 m - a cursed amulet of inaccuracy {unknown}
 n - a ring of poison resistance (left paw)
Scrolls
 b - a scroll of blinking {unknown}
 d - a scroll of teleportation
 i - a scroll of fog {unknown}
 l - a scroll of immolation
 q - a scroll of remove curse {unknown}
 s - a scroll of enchant armour {unknown}
Potions
 e - a potion of mutation
 f - a potion of lignification
 h - 4 potions of curing
 k - a potion of berserk rage {unknown}
 p - a potion of haste {unknown}
 r - a potion of cancellation {unknown}
Comestibles
 c - 10 rations


   Skills:
 - Level 1.0 Fighting
 - Level 2.6 Dodging
 - Level 5.1 Stealth
 - Level 3.0 Unarmed Combat
 - Level 3.0 Spellcasting
 * Level 9.6 Transmutations


You had 3 spell levels left.
You knew the following spells:

 Your Spells              Type           Power        Failure   Level  Hunger
a - Beastly Appendage     Tmut           ####..       1%          1    #......
b - Sticks to Snakes      Tmut           ####....     1%          2    ##.....
c - Blade Hands           Tmut           ####......   10%         5    ######.

Your spell library contained the following spells:

 Spells                   Type           Power        Failure   Level  Hunger
 Spider Form              Tmut/Pois      ###.......   8%          3    ###....
 Ice Form                 Ice/Tmut       ###.....     26%         4    #####..


Dungeon Overview and Level Annotations

Branches:
Dungeon (5/15)
 Temple: D:4-7

Altars:
Ashenzari
Hepliaklqana
Kikubaaqudgha
Sif Muna
Uskayaw
The Shining One


Innate Abilities, Weirdness & Mutations

You cannot wear armour.
You are incapable of wielding weapons or throwing items.
Your paws allow you to move quietly. (Stealth)
You have sharp claws.
You have razor-sharp teeth.
You have supernaturally acute eyesight. (SInv)
You are carnivorous and can eat meat at any time.
You cover ground quickly.
You are covered in thick fur. (AC +2)
You have a slow metabolism.
Your sharp claws are effective at attacking unaware monsters.


Message History

The jackal bites you but does no damage.
The jackal bites you. The jackal closely misses you.
The jackal barely misses you. The jackal barely misses you.
The jackal misses you. The jackal closely misses you.
The jackal bites you but does no damage.
The jackal closely misses you. The jackal barely misses you.
The jackal barely misses you. The gnoll hits you!
The jackal bites you but does no damage.
The jackal bites you. The gnoll hits you.
* * * LOW HITPOINT WARNING * * *
The jackal bites you but does no damage.
The gnoll misses you. The jackal bites you.
* * * LOW HITPOINT WARNING * * *
The gnoll closely misses you. The jackal closely misses you.
The jackal misses you. The gnoll hits you.
You die...

..#....._....)....#
..#.......#........#####
..###.....##.....##......
...###...###...####.....†
....##.## ##............
.##.......... ............
.#.....#.... ......<.....
..#..........#.g#####.##...<.....
..#.##.........h@.....# .......
#.#.##.....####.#.....# .#.####
...##.....# #.##....#
##..##.....# #.....#.#
...........########.# #
......###........##.#.#..#
.......#########........#
..gg...# #.......### ..†....#
##..........


You could see a gnoll and a jackal.

Vanquished Creatures
  Grinder (D:4)
  A sky beast (D:4)
  A phantom (D:5)
  Blork the orc (D:4)
  A bullfrog zombie (D:5)
  2 orc priests
  An iguana (D:4)
  7 orc wizards
  A worker ant (D:4)
  2 gnolls (D:5)
  9 adders
  5 shadow imps
  An ooze (D:4)
  A worm (D:3)
  A leopard gecko (D:5)
  11 orcs
  5 bats
  5 giant cockroaches
  8 goblins
  6 hobgoblins
  19 jackals
  A quokka (D:2)
  2 ball pythons
  3 frilled lizards
  5 kobolds
  9 rats
109 creatures vanquished.

Vanquished Creatures (collateral kills)
  2 ogres
  A howler monkey (D:3)
  An adder (D:4)
  A frilled lizard (D:3)
5 creatures vanquished.

Grand Total: 114 creatures vanquished

Notes
Turn   | Place    | Note
-------+----------+-------------------------------------------
     0 | D:1      | Katsumi the Felid Transmuter began the quest for the Orb.
     0 | D:1      | Reached XP level 1. HP: 9/9 MP: 4/4
    92 | D:1      | Reached skill level 3 in Transmutations
    92 | D:1      | Reached XP level 2. HP: 8/12 MP: 6/6
   491 | D:1      | Learned a level 2 spell: Sticks to Snakes
  1569 | D:1      | Reached XP level 3. HP: 8/15 MP: 7/7
  1724 | D:2      | Reached skill level 4 in Transmutations
  2281 | D:2      | Found a glowing golden altar of the Shining One.
  2623 | D:2      | Noticed a killer bee
  2781 | D:3      | Found a transporter.
  2959 | D:3      | Reached skill level 5 in Transmutations
  2959 | D:3      | Reached XP level 4. HP: 16/19 MP: 8/8
  3086 | D:3      | Found a transporter.
  3543 | D:3      | Reached XP level 5. HP: 22/22 MP: 7/9
  3550 | D:3      | Learned a level 5 spell: Blade Hands
  3875 | D:4      | Noticed an ogre
  3935 | D:3      | Reached skill level 1 in Stealth
  3935 | D:3      | Reached skill level 6 in Transmutations
  4042 | D:3      | Killed an ogre
  4092 | D:4      | Found a hide-covered altar of Uskayaw.
  4093 | D:4      | Found an ancient bone altar of Kikubaaqudgha.
  4150 | D:4      | Noticed a sky beast
  4162 | D:4      | Killed a sky beast
  4162 | D:4      | Gained mutation: You are covered in thick fur. (AC +2)
                  | [Felid growth]
  4162 | D:4      | Reached XP level 6. HP: 13/25 MP: 3/10
  4384 | D:4      | Found a shattered altar of Ashenzari.
  4427 | D:4      | Found a hazy altar of Hepliaklqana.
  4892 | D:4      | Reached skill level 7 in Transmutations
  4939 | D:4      | Reached XP level 7. HP: 17/28 MP: 6/11
  5155 | D:4      | Noticed Grinder
  5603 | D:4      | Reached skill level 8 in Transmutations
  5752 | D:4      | Noticed Blork the orc
  5760 | D:4      | Killed Blork the orc
  5760 | D:4      | Reached skill level 5 in Stealth
  6761 | D:4      | Found an ancient bone altar of Kikubaaqudgha.
  6762 | D:4      | Found a hide-covered altar of Uskayaw.
  6795 | D:4      | Paralysed by Grinder for 7 turns
  6822 | D:4      | Killed Grinder
  7176 | D:4      | Found a shattered altar of Ashenzari.
  7550 | D:4      | Found a hazy altar of Hepliaklqana.
  7573 | D:5      | Entered Level 5 of the Dungeon
  7581 | D:5      | Found a shimmering blue altar of Sif Muna.
  7600 | D:5      | Reached skill level 9 in Transmutations
  7617 | D:5      | Reached XP level 8. HP: 23/32 MP: 9/13
  8580 | D:4      | Slain by a gnoll shaman
  8581 | D:4      | Reached XP level 7. HP: -5/28 MP: 6/12
  8656 | D:5      | Slain by a bullfrog zombie
  8657 | D:5      | Reached XP level 6. HP: 0/25 MP: 11/11
  8701 | D:5      | Slain by a gnoll

Levels and vault maps discovered:
D:1:      lemuel_arrival_funnel, layout_basic, kennysheep_boxes
D:2:      layout_basic, tso_altar, minmay_divided_ellipse
D:3:      gammafunk_wand_slinger, layout_basic, first_ration
D:4:      layout_loops_cross, old_standard_altar, cheibrodos_ashenzari_chains,
          chequers_temple_overflow_statue_of_worship, guppyfry_early_lair_pool,
          uniq_grinder, uniq_blork_the_orc
D:5:      layout_rooms, lemuel_round_altar, grunt_tough_drop, uniq_pikel

Skill      XL: |  1  2  3  4  5  6  7 |
---------------+----------------------+-----
Transmutations | 3 5 6 7 9 |  9.6
Stealth        | 2 4 5 |  5.1
Spellcasting   | 3 |  3.0
Fighting       | |  1.0
Dodging        | |  2.6
Unarmed Combat | |  3.0

Action                   |  1- 3 |  4- 6 |  7- 9 || total
-------------------------+-------+-------+-------++-------
Melee: Unarmed           |   117 |   102 |    85 ||   304
       Headbutt          |    14 |    13 |     1 ||    28
       Bite              |     7 |    12 |     1 ||    20
       Punch             |       |     2 |     2 ||     4
 Cast: Beastly Appendage |    34 |    25 |     1 ||    60
       Sticks to Snakes  |       |     9 |     2 ||    11
       Blade Hands       |       |     4 |    11 ||    15
 Abil: Evoke Berserk Rag |       |     2 |     2 ||     4
Evoke: Wand              |     9 |     9 |     3 ||    21
  Use: Scroll            |       |     7 |       ||     7
       Potion            |       |     1 |     1 ||     2
 Stab: Sleeping          |     3 |       |       ||     3
  Eat: Chunk             |    10 |    10 |    15 ||    35
Armor: Skin              |     8 |     8 |    26 ||    42
Dodge: Dodged            |   103 |   103 |   110 ||   316
